 Dungeon Crawl Stone Soup version 0.23.2-33-g5129a83184 (webtiles) character file.

Game seed: 9262957345248546211

3446 teukkam the Thrower (level 9, -4/74 HPs)
             Began as a Minotaur Fighter on July 4, 2019.
             Slain by an orc warrior
             ... wielding a +0 short sword
              (11 damage)
             ... on level 7 of the Dungeon.
             The game lasted 00:21:32 (7439 turns).

teukkam the Thrower (Minotaur Fighter)              Turns: 7439, Time: 00:21:32

Health: -4/74      AC: 12    Str: 27    XL:     9   Next: 77%
Magic:  8/8        EV:  8    Int:  7    God:
Gold:   250        SH: 10    Dex: 11    Spells: 8/8 levels left

rFire    + . .     SeeInvis .   a - +1 falchion "Demon's Regret" {venom, rC++ MR- Str+4}
rCold    + + .     Gourm    .   c - +0 shield
rNeg     . . .     Faith    .   e - +1 scale mail {rF+}
rPois    .         Spirit   .   (helmet restricted)
rElec    .         Reflect  .   v - +2 cloak
rCorr    .         Harm     .   (no gloves)
MR       .....                  t - +0 pair of boots
Stlth    ..........             (no amulet)
HPRegen  0.22/turn              z - +2 ring of intelligence
MPRegen  0.11/turn              o - ring of wizardry

@: lightly drained
A: retaliatory headbutt, horns 2
a: no special abilities


You were on level 7 of the Dungeon.
You were hungry.

You visited 2 branches of the dungeon, and saw 8 of its levels.

You collected 354 gold pieces.
You spent 104 gold pieces at shops.

Inventory:

Hand Weapons
 a - the +1 falchion "Demon's Regret" (weapon) {venom, rC++ MR- Str+4}
   (You found it on level 7 of the Dungeon)

   It poisons the flesh of those it strikes.
   It affects your strength (+4).
   It greatly protects you from cold.
   It affects your resistance to hostile enchantments.
 b - a +0 blowgun
 d - a +4 quarterstaff of chaos
 i - a +0 quarterstaff
 j - a +0 war axe
 m - a +1 dagger of holy wrath
Missiles
 g - 7 needles of sleeping
 h - 6 tomahawks (quivered)
 s - 36 poisoned needles
 u - 8 poisoned tomahawks
Armour
 c - a +0 shield (worn)
 e - a +1 scale mail of fire resistance (worn)
 t - a +0 pair of boots (worn)
 v - a +2 cloak (worn)
Jewellery
 o - a ring of wizardry (right hand)
 z - a +2 ring of intelligence (left hand)
 E - an uncursed amulet of guardian spirit {unknown}
Wands
 r - a wand of iceblast (5)
 A - a wand of random effects (10)
 B - a wand of digging (6)
Scrolls
 k - 2 scrolls of enchant weapon
 l - a scroll of immolation {unknown}
 n - a scroll of amnesia {unknown}
 w - 3 scrolls of identify
 y - a scroll of blinking {unknown}
Potions
 p - a potion of brilliance
 x - a potion of lignification
Comestibles
 f - 12 rations


   Skills:
 - Level 5.0(4.5) Fighting
 - Level 6.7 Short Blades
 + Level 3.5(5.5) Long Blades
 - Level 4.1(3.7) Axes
 + Level 10.5(10.0) Throwing
 - Level 4.9(4.5) Armour
 - Level 5.0(4.6) Shields


You had 8 spell levels left.
You didn't know any spells.
Your spell library contained the following spells:

 Spells                   Type           Power        Failure   Level  Hunger
 Animate Skeleton         Necr           N/A          80%         1    ##.....
 Confusing Touch          Hex            #.....       80%         1    ##.....
 Pain                     Necr           #...         80%         1    ##.....
 Confuse                  Hex            #.......     98%         3    ####...
 Gell's Gravitas          Tloc           #.........   98%         3    ####...
 Regeneration             Chrm/Necr      #.........   98%         3    ####...
 Vampiric Draining        Necr           #.........   98%         3    ####...
 Animate Dead             Necr           N/A          100%        4    #####..
 Petrify                  Tmut/Erth      #.......     100%        4    #####..
 Metabolic Englaciation   Hex/Ice        #.........   100%        5    ######.
 Yara's Violent Unravell  Hex/Tmut       #.........   100%        5    ######.


Dungeon Overview and Level Annotations

Branches:
Dungeon (7/15)             Temple (1/1) D:5

Altars:
Ashenzari
Cheibriados
Dithmenos
Elyvilon
Fedhas
Hepliaklqana
Kikubaaqudgha
Makhleb
Nemelex Xobeh
Okawaru
Qazlal
Ru
Sif Muna
Trog
Uskayaw
Vehumet
Xom
Yredelemnul
The Shining One

Shops:
D:4 *   D:5 =


Innate Abilities, Weirdness & Mutations

You reflexively headbutt those who attack you in melee.
You have a pair of horns on your head.


Message History

You headbutt the centaur, but do no damage.
You hit the centaur but do no damage.
The centaur is poisoned.
You headbutt the centaur.
The centaur is heavily wounded.
You block the centaur's attack. The orc warrior barely misses you.
You furiously retaliate!
You headbutt the orc warrior, but do no damage.
The orc hits you but does no damage. The centaur closely misses you.
You furiously retaliate!
You headbutt the centaur.
You riposte.
You barely miss the centaur. You headbutt the centaur.
The centaur is severely wounded.
You slash the centaur!
You kill the centaur!
The orc warrior hits you with a +0 short sword!
* * * LOW HITPOINT WARNING * * *
You block the orc's attack.
Your shield and scale mail prevent you from hitting the orc warrior.
Your headbutt misses the orc warrior.
The orc warrior hits you with a +0 short sword!
You die...

##############.########.#######
.[........#.#...#.# #.#
#########.#.......# #.#
#########.#..((...# #.#
.......##.#...†(..# #.#
.#####.##.#....(..# #.# .#
#.##.#....(..#####.### .#
#....#....o(.#.......#
.##########.....@.#.###.#.#
..÷.......#...⌠)o.#.....#.#
..........#.......#####.#.#
..........#.......#.....#.#
###########.......#####.#[#
#.......# #.#.# #.......# #(#.#
#.......# #.#.# #.#.#


You could see an orc warrior and an orc.

Vanquished Creatures
  Eustachio (D:5)
  A hungry ghost (D:7)
  A wraith (D:6)
  Menkaure (D:5)
  A hornet zombie (D:7)
  A water moccasin (D:4)
  2 black bears
  5 ogres
  A phantom (D:5)
  4 centaurs
  Blork the orc (D:5)
  3 bullfrogs
  3 scorpions
  6 killer bees (D:7)
  4 electric eels (D:6)
  A howler monkey (D:6)
  A bullfrog zombie (D:2)
  A crimson imp (D:7)
  A quasit (D:6)
  A jelly (D:7)
  2 orc priests
  2 centaur skeletons
  A hound (D:6)
  2 bullfrog skeletons
  Crazy Yiuf (D:2)
  3 orc wizards
  4 worker ants
  A hound zombie (D:3)
  3 worker ant zombies
  A howler monkey zombie (D:5)
  10 adders
  2 oozes
  An adder zombie (D:3)
  3 adder skeletons
  A worm (D:4)
  2 dart slugs
  3 leopard geckos
  15 orcs
  7 ball pythons
  8 giant cockroaches
  6 goblins
  7 hobgoblins
  11 jackals
  12 kobolds
  4 quokkas
  A ball python skeleton (D:3)
  10 bats
  4 frilled lizards
  A giant cockroach zombie (D:3)
  A leopard gecko skeleton (D:3)
  A quokka skeleton (D:3)
  A quokka zombie (D:3)
  7 rats
  2 plants (D:6)
180 creatures vanquished.

Vanquished Creatures (others)
  2 orc wizards (D:6)
  A plant (D:6)
3 creatures vanquished.

Grand Total: 183 creatures vanquished

Notes
Turn   | Place    | Note
-------+----------+-------------------------------------------
     0 | D:1      | teukkam the Minotaur Fighter began the quest for the Orb.
     0 | D:1      | Reached XP level 1. HP: 19/19 MP: 0/0
    90 | D:4      | Noticed an orc priest
    96 | D:4      | Killed an orc priest
    96 | D:4      | Reached XP level 2. HP: 20/27 MP: 1/1
    96 | D:4      | Reached XP level 3. HP: 24/33 MP: 2/2
   140 | D:4      | Reached XP level 4. HP: 26/41 MP: 3/3
   847 | D:4      | Reached XP level 5. HP: 47/47 MP: 4/4
   901 | D:4      | Found Miuhie's Serpentskin Sales.
   901 | D:4      | Noticed a water moccasin
   907 | D:4      | Killed a water moccasin
   907 | D:4      | Reached skill level 1 in Throwing
   907 | D:4      | Reached skill level 5 in Shields
  1085 | D:3      | Reached skill level 5 in Fighting
  1136 | D:2      | Reached XP level 6. HP: 52/56 MP: 5/5
  1314 | D:1      | Reached skill level 2 in Throwing
  1788 | D:2      | Found a runed translucent door.
  1789 | D:2      | Noticed Crazy Yiuf
  1794 | D:2      | Killed Crazy Yiuf
  1885 | D:2      | Reached skill level 3 in Throwing
  2505 | D:4      | Bought 8 poisoned tomahawks for 104 gold pieces
  2528 | D:5      | Entered Level 5 of the Dungeon
  2561 | D:5      | Found a staircase to the Ecumenical Temple.
  2568 | D:5      | Reached skill level 4 in Throwing
  2609 | D:5      | Found a hide-covered altar of Uskayaw.
  2629 | D:5      | Reached XP level 7. HP: 27/61 MP: 6/6
  2830 | Temple   | Entered the Ecumenical Temple
  3280 | D:3      | Reached skill level 5 in Throwing
  3347 | D:3      | Found a sparkling altar of Nemelex Xobeh.
  3858 | D:5      | Found Qicuku's Jewellery Boutique.
  3876 | D:5      | Noticed Blork the orc
  3882 | D:5      | Killed Blork the orc
  3893 | D:5      | Noticed Menkaure
  3899 | D:5      | Killed Menkaure
  3899 | D:5      | Reached skill level 6 in Throwing
  3945 | D:5      | Noticed Eustachio
  3959 | D:5      | Killed Eustachio
  3959 | D:5      | Reached skill level 7 in Throwing
  3959 | D:5      | Reached XP level 8. HP: 64/68 MP: 7/7
  4269 | D:5      | Got a pitted dagger
  4272 | D:5      | Identified the +9 dagger "Mooph" {drain, *Drain rF++ rC++
                  | Int+4} (You found it on level 5 of the Dungeon)
  4864 | D:6      | Reached skill level 1 in Short Blades
  4864 | D:6      | Reached skill level 8 in Throwing
  5102 | D:6      | Reached skill level 9 in Throwing
  5364 | D:6      | Reached XP level 9. HP: 67/74 MP: 8/8
  5458 | D:6      | Found a glowing drain.
  5522 | D:6      | Reached skill level 5 in Short Blades
  6901 | D:7      | Reached skill level 10 in Throwing
  6972 | D:7      | Got a bloodstained falchion
  6976 | D:7      | Identified the +1 falchion "Demon's Regret" {venom, rC++
                  | MR- Str+4} (You found it on level 7 of the Dungeon)
  7102 | D:7      | Reached skill level 1 in Long Blades
  7439 | D:7      | Slain by an orc warrior

Skill      XL: |  1  2  3  4  5  6  7  8  9 |
---------------+----------------------------+-----
Fighting       | 4 5 |  5.0
Axes           | 3 4 |  4.1
Armour         | 4 |  4.9
Shields        | 4 5 |  5.0
Throwing       | 1 4 7 9 10 | 10.5
Short Blades   | 4 6 |  6.7
Long Blades    | 3 |  3.5

Action                   |  1- 3 |  4- 6 |  7- 9 || total
-------------------------+-------+-------+-------++-------
Melee: War axe           |    23 |   127 |    92 ||   242
       Headbutt          |     7 |    23 |    59 ||    89
       Dagger            |       |       |   174 ||   174
       Falchion          |       |       |    57 ||    57
 Fire: Blowgun           |       |       |     3 ||     3
Throw: Tomahawk          |       |     3 |    23 ||    26
Evoke: Wand              |       |       |     9 ||     9
  Use: Scroll            |     1 |     2 |     3 ||     6
       Potion            |       |     2 |     9 ||    11
  Eat: Chunk             |       |     6 |     6 ||    12
       Ration            |       |       |     3 ||     3
Armor: Scale mail        |     9 |    71 |   125 ||   205
       Skin              |       |       |     5 ||     5
Dodge: Dodged            |    16 |    57 |    88 ||   161
Block: Shield            |    22 |    79 |   142 ||   243
       Rpst.: Falchion   |       |       |     6 ||     6
